Map: Persephone LE

Players

Fjant - Winner!

  • Race: Zerg Zerg
  • League: Grandmaster
  • Spawn Location: 11:00

OpTiMiStC

  • Race: Protoss Protoss
  • League: Master
  • Spawn Location: 7:00

Event: HomeStory Cup XXVII

VOD

Have the link to the VOD?

Description

Time

  • Played on: June 27, 2025, 9:25 a.m.
  • Length: 4:44

All games in this series

Show
View Real Time Build Order
Export as new Build Order

Fjant Zerg - Winner!

Build Orders: 3 Hatch before Pool 

Get SALT Encoding   

  12  0:00  Drone  
  13  0:08  Drone  
  14  0:14  Drone, Extractor  
  15  0:21  Overlord  
  15  0:40  Drone  
  15  0:41  Drone  
  17  0:55  Drone  
  17  0:56  Hatchery  
  17  0:58  Drone  
  18  1:16  Hatchery  
  17  1:19  Drone  
  17  1:23  Extractor  
  17  1:26  Evolution Chamber  
  17  1:27  Drone  
  17  1:30  Drone  
  19  1:33  Spawning Pool  
  19  1:50  Drone  
  20  2:01  Drone  
  20  2:02  Overlord  
  21  2:08  Extractor  
  20  2:20  Queen  
  20  2:22  Zergling x4  
  24  2:24  Metabolic Boost  
  24  2:28  Queen  
  26  2:30  Zergling x2  
  26  2:33  Zergling x2  
  28  2:49  Overlord  
  28  2:50  Zergling x2  
  28  2:51  Zergling x2  
  30  2:52  Overlord  
  29  3:01  Queen  
  29  3:02  Zergling x2  
  29  3:04  Zergling x2  
  33  3:08  Queen  
  35  3:13  Zergling x2  
  35  3:16  Zergling x2  
  37  3:23  Overlord  
  37  3:24  Zergling x2  
  37  3:36  Zergling x8  
  37  3:39  Zergling x6  
  44  3:48  Zergling x4  
  45  3:53  Spore Crawler  
  45  3:55  Zergling x2  
  45  4:02  Zergling x2  
  45  4:03  Zergling x2  
  45  4:07  Zergling x2  
  45  4:08  Zergling x4  
  45  4:10  Zergling x2  
  45  4:13  Zergling x2  
  43  4:19  Zergling x6  
  43  4:22  Zergling x2  
Show
View Real Time Build Order
Export as new Build Order

OpTiMiStC Protoss 

Build Orders: Mass Adepts 

Get SALT Encoding   

  12  0:00  Probe  
  13  0:12  Probe  
  14  0:17  Pylon  
  14  0:24  Probe  
  15  0:29  Assimilator  
  15  0:36  Probe  
  16  0:43  Gateway  
  16  0:44  Probe  
  17  0:52  Probe  
  18  1:03  Probe  
  19  1:17  Probe  
  20  1:22  Gateway  
  20  1:30  Cybernetics Core  
  20  1:34  Zealot  
  22  1:49  Pylon  
  22  1:56  Stalker  
  22  2:03  Warp Gate  
  24  2:16  Stalker  
  26  2:24  Gateway  
  26  2:29  Adept  
  28  2:44  Gateway  
  28  2:53  Adept  
  28  2:58  Pylon  
  28  3:08  Adept  
  28  3:12  Pylon  
  31  3:23  Pylon  
  30  3:52  Adept x4  
  29  4:12  Adept x3  
  29  4:13  Adept  
Tags
 
Add a new tag
Caveats
  • Supply blocks, unpowered buildings, or Contaminate may cause inaccurate times.
  • Supply counts are checked every 10 seconds.